 Dungeon Crawl Stone Soup version 0.27-a0-931-g5a74e75d8f (webtiles) character file.

Game seed: 12137455303125424712

83 siradein the Magician (level 4, -1/31 HPs)
             Began as a Djinni Fire Elementalist on Apr 11, 2021.
             Slain by an orc
             ... wielding a +0 mace
              (5 damage)
             ... on level 3 of the Dungeon.
             The game lasted 00:03:26 (1964 turns).

siradein the Magician (Djinni Fire Elementalist)    Turns: 1964, Time: 00:03:27

Health: -1/31      AC:  2    Str:  7    XL:     4   Next: 44%
Gold:   48         EV: 12    Int: 18    God:
                   SH:  0    Dex: 13

rFire    + + .     SeeInvis .   (no weapon)
rCold    x . .     Faith    .   (no shield)
rNeg     . . .     Spirit   .   a - +0 robe
rPois    ∞         Reflect  .   (no helmet)
rElec    .         Harm     .   (no cloak)
rCorr    .         Rampage  .   (no gloves)
Will     +....                  (boots unavailable)
Stlth    ++........             (no amulet)
HPRegen  0.10/turn              f - ring of willpower
MPRegen  0.00/turn              (no ring)

@: flying
A: fire resistance 2, cold vulnerability 1, float, innate caster, hp casting,
extra vitality 1
a: no special abilities


You were on level 3 of the Dungeon.
You visited 1 branch of the dungeon, and saw 3 of its levels.

You collected 48 gold pieces.

Inventory:

Armour
 a - a +0 robe (worn)
Jewellery
 f - a ring of willpower (left hand)
Scrolls
 b - a scroll of blinking {unknown}
 c - a scroll of fear {unknown}
 d - a scroll of noise {unknown}
 e - a scroll of enchant weapon {unknown}


   Skills:
 - Level 2.1 Dodging
 - Level 1.5 Stealth
 + Level 4.4 Spellcasting


You couldn't memorise any spells.
You knew the following spells:

 Your Spells              Type           Power      Damage    Failure   Level
a - Foxfire               Conj/Fire      76%        2x1d7     2%          1
b - Conjure Flame         Conj/Fire      19%        6-21      7%          3
c - Inner Flame           Hex/Fire       19%        N/A       7%          3
d - Sticky Flame          Conj/Fire      19%        2d4       22%         4
e - Fireball              Conj/Fire      9%         3d6       54%         5
f - Freeze                Ice            76%        1d9       2%          1
Your spell library was empty.

Dungeon Overview and Level Annotations

Branches:
Dungeon (3/15)

Altars:

Shops:
D:1 =


Innate Abilities, Weirdness & Mutations

You are immune to poison.
Your flesh is very heat resistant. (rF++)
You are vulnerable to cold. (rC-)
You float through the air rather than walking.
You learn spells naturally, not from books.
Your magical power is your life essence.
You have superior vitality. (+4 HP)


Message History

There is a stone staircase leading up here.
You fly upwards.
Reactivating autopickup.
There is a stone staircase leading down here.
HP restored.
Done exploring.
You fly downwards.
The orc hits you with a +0 mace. The orc wizard closely misses you.
There is a stone staircase leading up here.
Casting: Foxfire (safe; 2% risk of failure)
Confirm with . or Enter, or press ? or * to list all spells.
Aiming: Freeze (safe; 2% risk of failure)
Press: ? - help, Shift-Dir - straight line, f - orc wizard
Aim: an orc wizard, wielding a +0 dagger and wearing a +0 robe You freeze the orc wizard.
The orc wizard is moderately wounded.
The orc hits you with a +0 mace.
The orc wizard hits you with a +0 dagger.
Casting: Freeze (safe; 2% risk of failure)
Confirm with . or Enter, or press ? or * to list all spells.
Aiming: Freeze (safe; 2% risk of failure)
Press: ? - help, Shift-Dir - straight line, f/p - orc wizard
Aim: an orc wizard, wielding a +0 dagger and wearing a +0 robe (moderately wounded)
You freeze the orc wizard.
The orc wizard is heavily wounded.
The orc misses you.
The orc wizard hits you with a +0 dagger.
Casting: Freeze (safe; 2% risk of failure)
Confirm with . or Enter, or press ? or * to list all spells.
Aiming: Freeze (safe; 2% risk of failure)
Press: ? - help, Shift-Dir - straight line, f/p - orc wizard
Aim: an orc wizard, wielding a +0 dagger and wearing a +0 robe (heavily wounded)
You freeze the orc wizard.
The orc wizard is severely wounded.
The orc hits you with a +0 mace!
* * * LOW HITPOINT WARNING * * *
The orc wizard hits you with a +0 dagger.
* * * LOW HITPOINT WARNING * * *
The orc hits you with a +0 mace.
You die...

. .....
##.###.#.###
#.>#.......
.....#.#
#.....#
#...###
#.....###
#.......#
#...#.#@#
#.....oo#
#..[#.#.#
#.....#.#
#.....#.#
#...#.#.#
#.†...#.#
#.#.###.#
#...) ..#


You could see an orc wizard and an orc.

Vanquished Creatures
  An orc wizard (D:3)
  3 adders
  A dart slug (D:1)
  An orc (D:3)
  3 bats
  3 endoplasms
  2 giant cockroaches (D:2)
  2 goblins
  A hobgoblin (D:2)
  3 jackals (D:2)
  2 kobolds
  A quokka (D:2)
  A ball python (D:2)
  3 frilled lizards
  A rat (D:1)
28 creatures vanquished.

Vanquished Creatures (others)
  65 foxfires
65 creatures vanquished.

Grand Total: 93 creatures vanquished

Notes
Turn   | Place    | Note
-------+----------+-------------------------------------------
     0 | D:1      | siradein the Djinni Fire Elementalist began the quest for
                  | the Orb.
     0 | D:1      | Reached XP level 1. HP: 15/15 MP: 0/0
   165 | D:1      | Reached skill level 3 in Spellcasting
   339 | D:1      | Reached XP level 2. HP: 19/21 MP: 0/0
   366 | D:1      | Found Ucohir Ukif's Jewellery Emporium.
   977 | D:2      | Found a faded altar of an unknown god.
  1237 | D:2      | Reached XP level 3. HP: 23/25 MP: 0/0
  1237 | D:2      | Learned a level 1 spell: Freeze
  1807 | D:3      | Reached skill level 4 in Spellcasting
  1812 | D:3      | Reached XP level 4. HP: 27/31 MP: 0/0
  1964 | D:3      | Slain by an orc

Illustrated notes

Levels and vault maps discovered:
D:1:      minmay_arrival_four_circles, layout_loops_ring, serial_shops,
          nicolae_shop_crystal
D:2:      layout_loops_cross, hellmonk_ecumenical_altar_slurped_away,
          st_stairs_12
D:3:      layout_basic, nemelex_xobeh_ov_fountains_minmay,
          roderic_serpentine_path, uniq_ijyb

Skill      XL: |  1  2  3 |
---------------+----------+-----
Spellcasting   | 3 4 |  4.4
Dodging        | |  2.1
Stealth        | |  1.5

Action                   |  1- 3 |  4- 6 || total
-------------------------+-------+-------++-------
 Cast: Foxfire           |    38 |     3 ||    41
       Freeze            |     3 |     3 ||     6
Armor: Robe              |     3 |       ||     3
Dodge: Dodged            |    14 |     2 ||    16

Table legend: (Time is in decaauts)
 A = Elapsed time spent in this place.
 B = Non-inter-level travel time spent in this place.
 C = Inter-level travel time spent in this place.
 D = Time resting spent in this place.
 E = Time spent auto-exploring this place.
 F = Levels seen in this place.
 G = Mean time per level.
                   A        B        C        D        E       F      G
               +--------+--------+--------+--------+--------+-----+--------+
         Total |   1964 |   1936 |     28 |      0 |   1767 |   3 |  654.7 |
       Dungeon |   1964 |   1936 |     28 |      0 |   1767 |   3 |  654.7 |
               +--------+--------+--------+--------+--------+-----+--------+

Top non-repeatable levels by time:
     D:2: 1108 daAuts
     D:1: 810 daAuts
     D:3: 45 daAuts
